 Dungeon Crawl Stone Soup version 0.31-a0-986-g5e6e4ef867 (webtiles) character file.

Game seed: 3751298622019747690

303 nebug the Cudgeller (level 6, -1/51 HPs)
             Began as a Minotaur Gladiator on Nov 5, 2023.
             Was an Initiate of Ru.
             Slain by Duvessa
             ... wielding a +0 short sword
              (6 damage)
             ... on level 4 of the Dungeon.
             The game lasted 00:21:36 (3201 turns).

nebug the Cudgeller (Minotaur Gladiator)            Turns: 3201, Time: 00:21:36

Health: -1/51      AC:  9    Str: 17    XL:     6   Next: 15%
Magic:  5/5        EV: 12    Int:  9    God:    Ru [......]
Gold:   27         SH:  0    Dex: 13    Spells: 2/5 levels left

rFire   . . .        u - +4 rapier
rCold   . . .        (no shield)
rNeg    + . .        z - +0 ring mail of the Echidna {rN+ Will+}
rPois   .            c - +0 hat
rElec   .            (no cloak)
rCorr   .            x - +0 pair of gloves
SInv    .            r - +0 pair of boots
Will    +....        (no amulet)
Stlth   +            (no ring)
HPRegen 0.28/turn    (no ring)
MPRegen 0.09/turn

%: no passive effects
@: no status effects
A: horns 2, retaliatory headbutt, iridescent scales 1, clever 1
a: Renounce Religion, Sacrifice Courage, Sacrifice Stealth, Sacrifice Artifice,
Reject Sacrifices


You were on level 4 of the Dungeon.
You worshipped Ru.
Ru was noncommittal.
You visited 1 branch of the dungeon, and saw 4 of its levels.

You collected 225 gold pieces.
You spent 198 gold pieces at shops.

Inventory:

Hand Weapons
 a - a +0 flail
 g - a +0 sling
 i - a +0 short sword
 u - a +4 rapier (weapon)
 y - a +0 dagger of venom
Missiles
 d - 3 throwing nets (quivered)
 e - a javelin
Armour
 b - a +0 leather armour
 c - a +0 hat (worn)
 r - a +0 pair of boots (worn)
 t - a +0 robe
 x - a +0 pair of gloves (worn)
 z - the +0 ring mail of the Echidna (worn) {rN+ Will+}
   (You bought it in a shop on level 3 of the Dungeon)

   rN+:       It protects you from negative energy.
   Will+:     It increases your willpower.
Talismans
 p - a granite talisman
 s - a storm talisman
Wands
 v - a wand of iceblast (12)
Scrolls
 l - a scroll of noise
 q - a scroll of amnesia
 w - a scroll of fog {unknown}
Potions
 f - 2 potions of mutation
 h - a potion of haste {unknown}
 j - a potion of cancellation {unknown}
 k - a potion of attraction {unknown}
 m - a potion of enlightenment {unknown}
 o - a potion of curing {unknown}


   Skills:
 + Level 3.3 Fighting
 + Level 1.7 Short Blades
 + Level 5.8 Maces & Flails
 + Level 2.0 Throwing
 + Level 3.0 Armour
 + Level 4.3 Dodging
 + Level 0.9 Stealth


You had 2 spell levels left.
You knew the following spells:

 Your Spells              Type           Power      Damage    Failure   Level
a - Magic Dart            Conj           0%         1d3       58%         1
b - Call Imp              Summ           0%         N/A       73%         2

Your spell library contained the following spells:

 Spells                   Type           Power      Damage    Failure   Level
 Ensorcelled Hibernation  Hex/Ice        0%         N/A       73%         2
 Jinxbite                 Hex            0%         N/A       73%         2
 Searing Ray              Conj           0%         2d4       73%         2
 Mephitic Cloud           Conj/Pois/Air  0%         N/A       91%         3
 Anguish                  Hex/Necr       0%         N/A       100%        4
 Fulminant Prism          Conj/Hex       0%         3d5       100%        4


Dungeon Overview and Level Annotations

Branches:
Dungeon (4/15)
 Temple: D:4-7

Altars:
Ashenzari
Ru

Shops:
D:3 [

Annotations:
D:4 Dowan, Duvessa, Robin


Innate Abilities, Weirdness & Mutations

You have a pair of horns on your head.
You reflexively headbutt those who attack you in melee.
You are partially covered in iridescent scales. (AC +2)
Your mind is acute. (Int +4, Str/Dex -1)


Message History

A puff of flame appears from out of thin air!
The puff of flame hits you.
Robin roars a battlecry!
The goblins go into a battle-frenzy!
You hit the goblin.
You kill the goblin!
Something hits you but does no damage.
You hit the goblin.
You kill the goblin!
Duvessa closely misses you.
An orc comes into view. It is wielding a +0 mace.
Something hits you but does no damage.
Robin roars a battlecry!
The goblin goes into a battle-frenzy!
As you read the scroll labelled SAHENE KONI, it crumbles to dust.
It is a scroll of enchant weapon.
Your +3 rapier glows red for a moment.
Duvessa says, "When magic and the sword combine, nothing stands against them."
Duvessa hits you with a +0 short sword! The orc barely misses you.
You furiously retaliate!
You headbutt the orc!
You kill the orc!
Something hits you but does no damage.
You hit the hobgoblin.
The hobgoblin is heavily wounded.
Duvessa hits you with a +0 short sword. The hobgoblin closely misses you.
Something hits you but does no damage. Duvessa hits you with a +0 short sword.
* * * LOW HITPOINT WARNING * * *
You puncture the hobgoblin!
You kill the hobgoblin!
Something hits you but does no damage. Duvessa closely misses you.
You hit the orc.
The orc is almost dead.
The orc barely misses you. You furiously retaliate!
You headbutt the orc.
You kill the orc!
You hear some strange, mumbled words.
A puff of flame appears from out of thin air!
The puff of flame hits you!
* * * LOW HITPOINT WARNING * * *
Duvessa hits you with a +0 short sword.
You die...

~~~~8..8.##....$....
~...8..8.##..#######
#.##.....##.g#####
#.##........e...g#
#.###....##.g###g#
#.# #######..# #g#
#.# ##.###g#
#.#########....e{#
..............go@+
#.#########....###
#.# ...... ...
.####. ...# # ....
..... ...<.


You could see Duvessa, Robin, an orc, 3 hobgoblins and a goblin (strong).

Vanquished Creatures
  Eustachio (D:4)
  Natasha (twice) (D:2)
  2 adders (D:2)
  A worm (D:2)
  2 dart slugs
  11 orcs
  6 bats
  5 endoplasms
  3 giant cockroaches (D:1)
  11 goblins
  3 hobgoblins (D:4)
  2 quokkas
  6 ball pythons
  4 frilled lizards
  11 kobolds
  6 rats
76 creatures vanquished.

Notes
Turn   | Place    | Note
-------+----------+-------------------------------------------
     0 | D:1      | nebug the Minotaur Gladiator began the quest for the Orb.
     0 | D:1      | Reached XP level 1. HP: 18/18 MP: 0/0
   208 | D:1      | Reached XP level 2. HP: 24/25 MP: 1/1
   218 | D:1      | Reached skill level 4 in Maces & Flails
   608 | D:1      | Gained mutation: Your mind is acute. (Int +4, Str/Dex -1)
                  | [potion of mutation]
   608 | D:1      | Gained mutation: You are partially covered in iridescent
                  | scales. (AC +2) [potion of mutation]
   637 | D:1      | Learned a level 1 spell: Magic Dart
   745 | D:1      | Reached XP level 3. HP: 26/30 MP: 2/2
  1123 | D:2      | Found a faded altar of an unknown god.
  1125 | D:2      | Noticed Natasha
  1136 | D:2      | Killed Natasha
  1137 | D:2      | Reached skill level 5 in Maces & Flails
  1140 | D:2      | Reached XP level 4. HP: 9/37 MP: 3/3
  1201 | D:2      | Prayed at the altar of an unknown god.
  1201 | D:2      | Became a worshipper of Ru the Awakened
  1505 | D:2      | Noticed Natasha
  1513 | D:2      | Killed Natasha
  1514 | D:2      | Reached skill level 1 in Armour
  1955 | D:3      | Learned a level 2 spell: Call Imp
  2017 | D:3      | Found a broken altar of Ashenzari.
  2143 | D:3      | Found Gigoem's Antique Armour Boutique.
  2341 | D:3      | Reached XP level 5. HP: 37/44 MP: 4/4
  2653 | D:3      | Bought an encrusted ring mail for 198 gold pieces
  2653 | D:3      | Identified the +0 ring mail of the Echidna {rN+ Will+} (You
                  | bought it in a shop on level 3 of the Dungeon)
  2924 | D:4      | Noticed Eustachio
  2936 | D:4      | Killed Eustachio
  2937 | D:4      | Reached skill level 1 in Short Blades
  2937 | D:4      | Reached XP level 6. HP: 21/51 MP: 5/5
  3167 | D:4      | Noticed Duvessa
  3167 | D:4      | Noticed Dowan
  3175 | D:4      | Noticed Robin
  3201 | D:4      | Slain by Duvessa

Illustrated notes

Levels and vault maps discovered:
D:1:      nzn_arrival_crosshair, layout_loops_ring, lexackson_kobold_supper
D:2:      layout_loops_cross, ebering_ecumenical_altar_abandoned, uniq_natasha,
          uniq_crazy_yiuf_cottage
D:3:      layout_basic, old_standard_altar, serial_shops,
          nicolae_shop_tiny_statue_garden, nicolae_twisty_statue_hallways
D:4:      wander_river, layout_loops_corners, makhleb_heckhound_becter,
          temple_statues, due_unseen_surprise, uniq_eustachio, uniq_robin,
          uniq_duvessa

Skill      XL: |  1  2  3  4  5  6 |
---------------+-------------------+-----
Maces & Flails | 4 5 |  5.8
Armour         | 1 2 3 |  3.0
Dodging        | 4 |  4.3
Fighting       | 3 |  3.3
Short Blades   | 1 |  1.7
Throwing       | |  2.0
Stealth        | |  0.9

Action                     |  1- 3 |  4- 6 || total
---------------------------+-------+-------++-------
  Melee: Flail             |    94 |    39 ||   133
         Short sword       |   185 |       ||   185
         Headbutt          |    86 |    18 ||   104
         Punch             |     5 |       ||     5
         Rapier            |       |    48 ||    48
    Use: Potion            |     1 |       ||     1
         Scroll            |       |     3 ||     3
 Armour: Leather armour    |    46 |    39 ||    85
         Ring mail         |       |    43 ||    43
  Dodge: Dodged            |    58 |    73 ||   131
         Form:             |       |     1 ||     1
         Statue            |       |     1 ||     1

Table legend: (Time is in decaauts)
 A = Elapsed time spent in this place.
 B = Non-inter-level travel time spent in this place.
 C = Inter-level travel time spent in this place.
 D = Time resting spent in this place.
 E = Time spent auto-exploring this place.
 F = Levels seen in this place.
 G = Mean time per level.
                   A        B        C        D        E       F      G
               +--------+--------+--------+--------+--------+-----+--------+
         Total |   3246 |   3230 |     16 |    184 |      0 |   4 |  811.5 |
       Dungeon |   3246 |   3230 |     16 |    184 |      0 |   4 |  811.5 |
               +--------+--------+--------+--------+--------+-----+--------+

Top non-repeatable levels by time:
     D:1: 1087 daAuts
     D:3: 1070 daAuts
     D:2: 796 daAuts
     D:4: 291 daAuts
